 Dungeon Crawl Stone Soup version 0.31.0-9-g3a7656b989 (webtiles) character file.

Game seed: 14606864318038078467

97 qw the Shooter (level 4, -2/22 HPs)
             Began as a Spriggan Hunter on Feb 2, 2024.
             Incinerated by a bombardier beetle (3 damage)
             ... with a burning spray
             ... on level 3 of the Dungeon.
             The game lasted 00:00:05 (1601 turns).

qw the Shooter (Spriggan Hunter)                    Turns: 1601, Time: 00:00:06

Health: -2/22      AC:  2    Str:  7    XL:     4   Next: 42%
Magic:  5/5        EV: 20    Int: 10    God:
Gold:   191        SH:  0    Dex: 20    Spells: 3/3 levels left

rFire   . . .        a - +1 shortbow
rCold   . . .        (shield currently unavailable)
rNeg    . . .        c - +0 robe
rPois   .            (helmet restricted)
rElec   .            (no cloak)
rCorr   .            (gloves unavailable)
SInv    +            (boots unavailable)
Will    .....        (no amulet)
Stlth   +            (no ring)
HPRegen 0.23/turn    (no ring)
MPRegen 0.09/turn

%: no passive effects
@: on fire, glowing, very quick
A: very small, no large weapons, unfitting armour, see invisible, speed 3
a: no special abilities


You were on level 3 of the Dungeon.
You visited 1 branch of the dungeon, and saw 3 of its levels.

You collected 191 gold pieces.


Innate Abilities, Weirdness & Mutations

You are very small and have problems with some larger weapons.
You are too small for most types of armour.
You have supernaturally acute eyesight. (SInv)
You cover ground extremely quickly. (Speed+++)


   Skills:
 - Level 1.5 Fighting
 - Level 5.0 Ranged Weapons
 + Level 4.9 Dodging
 - Level 1.5 Stealth


You had 3 spell levels left.
You didn't know any spells.
Your spell library was empty.

Inventory:

Hand Weapons
 a - a +1 shortbow (weapon)
Armour
 c - a +0 robe (worn)
Potions
 b - a potion of attraction {unknown}
 d - a potion of degeneration {unknown}
 e - a potion of heal wounds {unknown}
 f - 2 potions of mutation {unknown}

Dungeon Overview and Level Annotations

Branches:
Dungeon (3/15)

Altars:


Message History

You now have 183 gold pieces (gained 8).
You now have 191 gold pieces (gained 8).
Found a short sword.
You see here a +0 short sword.
Found a hand axe.
Found a stone staircase leading down.
A hobgoblin comes into view.
The hobgoblin shouts!
You shoot an arrow. The arrow hits the hobgoblin.
The hobgoblin is almost dead.
You shoot an arrow. The arrow hits the hobgoblin.
You kill the hobgoblin!
A goblin comes into view.
It is wielding a +1 dagger of holy wrath.
You shoot an arrow. The arrow hits the goblin!
You kill the goblin!
You have reached level 4!
b - a glowing emerald potion A bombardier beetle comes into view.
You shoot an arrow.
The arrow barely misses the bombardier beetle.
You shoot an arrow. The arrow hits the bombardier beetle.
The bombardier beetle is lightly wounded.
You shoot an arrow. The arrow hits the bombardier beetle!
The bombardier beetle is severely wounded.
The bombardier beetle sprays incendiary fluid at you.
The burning spray hits you.
You are covered in liquid fire!
You shoot an arrow. The arrow hits the bombardier beetle!
You kill the bombardier beetle!
The liquid fire burns you!
You are on fire!
The liquid fire burns you!
You are on fire!
The liquid fire burns you!
You are on fire!
The liquid fire burns you!
You are on fire!
The liquid fire burns you!
You are on fire!
The liquid fire burns you!
You die...

##.....#....
##...........
#............
#............
########............
#...............)...
#............>....?.
#...........@.......
#..)................
######.###..........
#.# ##...#.#### #.#
##....# #.# ##.#..#
#.## .#.... #..# .#
... ##.# ## ##


There were no monsters in sight!

Vanquished Creatures
  A bombardier beetle (D:3)
  An adder (D:2)
  2 ribbon worms (D:2)
  A dart slug (D:1)
  3 orcs (D:2)
  5 ball pythons
  6 endoplasms
  3 giant cockroaches (D:2)
  5 goblins
  2 hobgoblins
  4 quokkas
  5 bats
  3 kobolds
  3 rats
44 creatures vanquished.

Notes
Turn   | Place    | Note
-------+----------+-------------------------------------------
     0 | D:1      | qw the Spriggan Hunter began the quest for the Orb.
     0 | D:1      | Reached XP level 1. HP: 10/10 MP: 2/2
     0 | D:1      | 0 ||| qw: Version: 0.3-a-155-g5e7d8dd
     0 | D:1      | 0 ||| qw: Game counter: 1974
     0 | D:1      | 0 ||| qw: Melee chars always use a shield: true
     0 | D:1      | 0 ||| qw: God list: Okawaru
     0 | D:1      | 0 ||| qw: Allow faded altars: false
     0 | D:1      | 0 ||| qw: Do Orc after clearing Dungeon:15 true
     0 | D:1      | 0 ||| qw: Do second Lair branch before Depths: true
     0 | D:1      | 0 ||| qw: Lair rune preference: random
     0 | D:1      | 0 ||| qw: Goals: Normal
     0 | D:1      | 0 ||| PLANNING D:1-11
    31 | D:1      | Reached skill level 3 in Dodging
   207 | D:1      | Reached XP level 2. HP: 14/14 MP: 3/3
   598 | D:1      | 598 ||| READING scroll labelled JENYTW IXTONG.
   699 | D:1      | 699 ||| READING scroll labelled RIEKKU POLUUPTIGEO.
   699 | D:1      | 699 ||| ENCHANTING +0 shortbow.
   700 | D:1      | 700 ||| READING 3 scrolls labelled FULONTA CICWAODD.
   801 | D:1      | 801 ||| DROPPING scroll of butterflies.
   802 | D:1      | 802 ||| DROPPING 2 scrolls of silence.
   950 | D:2      | Reached XP level 3. HP: 18/18 MP: 4/4
  1102 | D:2      | Identified the +9 hand axe "Peavid" {venom, rPois Str+3
                  | Int+4}
  1237 | D:2      | Reached skill level 5 in Ranged Weapons
  1250 | D:2      | Found a faded altar of an unknown god.
  1369 | D:2      | 1369 ||| READING scroll labelled QOC XEGUDUJOPT.
  1369 | D:2      | 1369 ||| ENCHANTING +1 shortbow.
  1589 | D:3      | Reached XP level 4. HP: 22/22 MP: 5/5
  1600 | D:3      | HP: 1/22 [burnt (5)]
  1601 | D:3      | Incinerated by a bombardier beetle

Levels and vault maps discovered:
D:1:      wander_arrival_lonely_grave, layout_basic
D:2:      layout_rooms, basic_ecumenical_altar, st_stairs_12
D:3:      layout_rooms

Skill      XL: |  1  2  3 |
---------------+----------+-----
Dodging        | 3 4 |  4.9
Ranged Weapons | 5 |  5.0
Fighting       | |  1.5
Stealth        | |  1.5

Action                     |  1- 3 |  4- 6 || total
---------------------------+-------+-------++-------
   Fire: Shortbow          |   108 |     4 ||   112
    Use: Scroll            |     4 |       ||     4
 Armour: Robe              |     7 |       ||     7
  Dodge: Dodged            |    31 |       ||    31

Table legend:
 A = Non-vault XP
 B = Vault XP
 C = Vault XP percentage of total XP
 D = Non-vault monster count
 E = Vault monster count
 F = Vault count percentage of total count
                 A         B        C        D         E       F
            +---------+---------+-------+---------+---------+-------
      Total |     137 |       2 |   1.4 |      43 |       1 |   2.3
            +---------+---------+-------+---------+---------+-------
        D:1 |      27 |       0 |   0.0 |      14 |       0 |   0.0
        D:2 |      58 |       2 |   3.3 |      23 |       1 |   4.2
        D:3 |      52 |       0 |   0.0 |       6 |       0 |   0.0
            +---------+---------+-------+---------+---------+-------
